 Dungeon Crawl Stone Soup version 0.29.1-2-gbd0b4ee654 (webtiles) character file.

Game seed: 723040187949642831

2033 RKaid the Gusty (level 9, -5/61 HPs)
             Began as an Octopode Air Elementalist on Nov 27, 2022.
             Slain by a steam dragon (8 damage)
             ... on level 7 of the Dungeon.
             The game lasted 00:25:33 (8992 turns).

RKaid the Gusty (Octopode Air Elementalist)         Turns: 8992, Time: 00:25:33

Health: -5/61      AC:  1    Str:  8    XL:     9   Next: 24%
Magic:  11/17      EV: 12    Int: 21    God:
Gold:   406        SH:  4    Dex: 12    Spells: 7/19 levels left

rFire   . . .      SeeInvis .   b - staff of conjuration {!a}
rCold   . . .      Faith    .   i - +0 buckler
rNeg    . . .      Spirit   .   (helmet restricted)
rPois   .          Reflect  .   (no amulet)
rElec   .          Harm     .   q - ring of wizardry {Wiz+}
rCorr   .          Rampage  .   (no ring)
Will    .....                   (no ring)
Stlth   +++.......              (no ring)
HPRegen 0.20/turn               (no ring)
MPRegen 0.15/turn               (no ring)
                                (no ring)
                                (no ring)

@: slowed, very slow
A: almost no armour, amphibious, 8 rings, camouflage 1, gelatinous body 1,
(nimble swimmer 1), tentacles
a: no special abilities


You were on level 7 of the Dungeon.
You visited 1 branch of the dungeon, and saw 7 of its levels.

You collected 406 gold pieces.

Inventory:

Hand Weapons
 a - a +2 hand axe of electrocution
   (You found it on level 3 of the Dungeon)
Missiles
 p - 3 atropa-tipped darts
Armour
 i - a +0 buckler (worn)
   (You found it on level 6 of the Dungeon)
Magical Staves
 b - a staff of conjuration (weapon) {!a}
   (You found it on level 6 of the Dungeon)
 y - a staff of poison {rPois}
   (You found it on level 3 of the Dungeon)
Jewellery
 n - a ring of fire {rF+, rC-}
   (You found it on level 3 of the Dungeon)
 q - a ring of wizardry (left tentacle) {Wiz+}
   (You found it on level 4 of the Dungeon)
Wands
 k - a wand of roots (12)
   (You found it on level 3 of the Dungeon)
 u - a wand of mindburst (8)
   (You found it on level 3 of the Dungeon)
 x - a wand of paralysis (18)
   (You took it off an orc on level 4 of the Dungeon)
 A - a wand of polymorph (13)
   (You found it on level 6 of the Dungeon)
Scrolls
 d - a scroll of poison {unknown}
 f - 2 scrolls of fog
 m - 5 scrolls of immolation {!r}
 r - a scroll of enchant armour {unknown}
 v - a scroll of fear {unknown}
 E - a scroll of blinking {unknown}
Potions
 c - 5 potions of curing
 e - 2 potions of degeneration {unknown}
 g - a potion of resistance
 h - 2 potions of brilliance
 j - a potion of attraction {unknown}
 l - a potion of magic
 o - 2 potions of flight {unknown}
 s - a potion of invisibility {unknown}
 t - 3 potions of lignification {!q}
 z - 2 potions of mutation {unknown}
 B - a potion of heal wounds {unknown}
 C - a potion of berserk rage {unknown}


   Skills:
 + Level 5.6 Fighting
 - Level 2.0 Dodging
 - Level 4.0 Stealth
 + Level 3.2 Shields
 + Level 5.6 Spellcasting
 - Level 2.0 Conjurations
 - Level 4.0 Translocations
 + Level 6.5 Air Magic


You had 7 spell levels left.
You knew the following spells:

 Your Spells              Type           Power      Damage    Failure   Level
a - Shock                 Conj/Air       100%       1d9       1%          1
b - Airstrike             Air            16%        2d(3-19)  3%          4
c - Borgnjor's Vile Clut  Necr/Erth      2%         N/A       80%         5
B - Blink                 Tloc           44%        N/A       1%          2

Your spell library contained the following spells:

 Spells                   Type           Power      Damage    Failure   Level
 Static Discharge         Conj/Air       35%        3-8/arc   1%          2
 Swiftness                Air            33%        N/A       1%          3
 Lesser Beckoning         Tloc           22%        N/A       3%          3
 Ensorcelled Hibernation  Hex/Ice        10%        N/A       9%          2
 Passwall                 Tmut/Erth      4%         N/A       9%          2
 Dazzling Flash           Conj/Hex       30%        N/A       11%         3
 Manifold Assault         Tloc           22%        N/A       28%         5
 Silence                  Hex/Air        9%         N/A       34%         5
 Animate Dead             Necr           5%         N/A       45%         4
 Agony                    Necr           5%         N/A       80%         5
 Death Channel            Necr           2%         N/A       100%        6
 Chain Lightning          Conj/Air       17%        3d23      100%        9
 Fire Storm               Conj/Fire      7%         8d2       100%        9
 Shatter                  Erth           2%         3d6*      100%        9


Dungeon Overview and Level Annotations

Branches:
Dungeon (7/15)
 Temple: D:4-7

Altars:

Annotations:
D:5 Dowan, Duvessa


Innate Abilities, Weirdness & Mutations

You cannot wear most types of armour.
You are amphibious.
You can wear up to eight rings at the same time.
Your skin changes colour to match your surroundings (Stealth+).
Your rubbery body absorbs attacks. (AC +1, EV +1)
((You are camouflaged when in or above water. (Stealth+)))
You have tentacles for arms and can constrict up to eight enemies at once.


Message History

The zap hits the kobold.
You kill the kobold!
The zap hits the kobold.
Casting: Shock (safe; 1% risk of failure)
Confirm with . or Enter, or press ? or * to list all spells.
Aiming: Shock (safe; 1% risk of failure)
Press: ? - help, Shift-Dir - straight line, f - kobold
Aim: a kobold, wielding a +0 dagger and quivering stones (67% to hit)
You feel a surge of power!
The zap hits the kobold. x2
Casting: Shock (safe; 1% risk of failure)
Confirm with . or Enter, or press ? or * to list all spells.
Aiming: Shock (safe; 1% risk of failure)
Press: ? - help, Shift-Dir - straight line, f - kobold brigand, p - kobold
Aim: a kobold brigand, wielding a +0 whip and quivering curare-tipped darts (67% to hit)
You feel a surge of power!
The zap hits the kobold.
You kill the kobold!
The zap misses the kobold.
The zap hits the kobold brigand.
Casting: Shock (safe; 1% risk of failure)
Confirm with . or Enter, or press ? or * to list all spells.
Aiming: Shock (safe; 1% risk of failure)
Press: ? - help, Shift-Dir - straight line, f/p - kobold brigand
Aim: a kobold brigand, wielding a +0 whip and quivering curare-tipped darts (moderately wounded, 67% to hit)
Okay, then.
Casting: Shock (safe; 1% risk of failure)
Confirm with . or Enter, or press ? or * to list all spells.
You don't know that spell.
Unknown command.
Casting: Shock (safe; 1% risk of failure)
Confirm with . or Enter, or press ? or * to list all spells.
Aiming: Shock (safe; 1% risk of failure)
Press: ? - help, Shift-Dir - straight line, f - steam dragon, p - kobold brigand
Aim: a steam dragon (wandering, hasn't noticed you, 74% to hit)
You feel a surge of power!
The zap hits the kobold.
You kill the kobold!
The zap hits the kobold brigand but does no damage.
The zap hits the steam dragon.
Casting: Shock (safe; 1% risk of failure)
Confirm with . or Enter, or press ? or * to list all spells.
Aiming: Shock (safe; 1% risk of failure)
Press: ? - help, Shift-Dir - straight line, f/p - steam dragon
Aim: a steam dragon (lightly wounded, 74% to hit)
You feel a surge of power!
The zap hits the kobold brigand!
The zap misses the steam dragon.
The kobold brigand throws a curare-tipped dart.
The curare-tipped dart hits you.
You are poisoned.
You have difficulty breathing.
You feel yourself slow down.
Casting: Shock (safe; 1% risk of failure)
Confirm with . or Enter, or press ? or * to list all spells.
Aiming: Shock (safe; 1% risk of failure)
Press: ? - help, Shift-Dir - straight line, f/p - steam dragon
Aim: a steam dragon (lightly wounded, 74% to hit)
You feel a surge of power!
The zap hits the kobold brigand.
The zap misses the steam dragon.
You feel very sick.
The kobold brigand throws a curare-tipped dart.
The curare-tipped dart misses you.
Casting: Shock (safe; 1% risk of failure)
Confirm with . or Enter, or press ? or * to list all spells.
Aiming: Shock (safe; 1% risk of failure)
Press: ? - help, Shift-Dir - straight line, f/p - steam dragon
Aim: a steam dragon (lightly wounded, 74% to hit)
You feel a surge of power!
The zap misses the kobold brigand.
The zap hits the steam dragon.
You feel very sick.
Casting: Shock (safe; 1% risk of failure)
Confirm with . or Enter, or press ? or * to list all spells.
Aiming: Shock (safe; 1% risk of failure)
Press: ? - help, Shift-Dir - straight line, f/p - steam dragon
Aim: a steam dragon (moderately wounded, 74% to hit)
You feel a surge of power!
The zap misses the kobold brigand.
The zap hits the steam dragon.
You feel very sick.
The kobold brigand hits you with a +0 whip! x2
You don't have any such object.
Evoke which item? (* to show all) (? for menu, Esc to quit)
Aiming: Fastroot
Press: ? - help, Shift-Dir - straight line, f/p - steam dragon
Aim: a steam dragon (heavily wounded)
The roots erupt in riotous growth!
Roots grab the kobold brigand.
Roots grab the steam dragon.
The grasping roots constrict the kobold brigand!
You kill the kobold brigand!
The grasping roots constrict the steam dragon.
You feel sick.
The steam dragon struggles to escape constriction.
You feel better.
The grasping roots constrict the steam dragon.
The roots release their grip on the steam dragon.
The steam dragon breathes steam at you. The ball of steam hits you!
The steam dragon attacks as you move away!
The steam dragon bites you.
* * * LOW HITPOINT WARNING * * *
The steam dragon closely misses you.
Found a stone staircase leading up.
You are engulfed in a cloud of scalding steam.
* * * LOW HITPOINT WARNING * * *
The steam dragon attacks as you move away!
The steam dragon bites you!
You die...

### #..
###########.#
#.).........#
#######.#########.#
#ยง@D)))...# #..
#.######..# #######
... .K.........
..... #.##..#####
.....<. .# .# ###
..>.... .# # #..
#...#.. .# #.#.
##.##.. .. ## ..#
#.


You could see a steam dragon.

Vanquished Creatures
  A wyvern (D:6)
  A steam dragon (D:6)
  A water moccasin (D:5)
  2 black bears
  3 ogres
  A centaur (D:6)
  2 kobold brigands
  A bullfrog (D:6)
  A necrophage (D:5)
  2 scorpions (D:5)
  2 wights (D:7)
  2 howler monkeys
  2 jellies (D:6)
  A gnoll bouda (D:6)
  An orc priest (D:4)
  6 hounds
  An iguana (D:7)
  3 orc wizards
  8 adders
  A gnoll (D:4)
  2 white imps (D:6)
  A dart slug (D:2)
  16 orcs
  7 endoplasms
  4 giant cockroaches
  5 goblins
  5 hobgoblins
  4 quokkas
  6 ball pythons
  7 bats
  5 frilled lizards
  8 kobolds
  6 rats
118 creatures vanquished.

Vanquished Creatures (others)
  A demonic plant (D:1)
1 creature vanquished.

Grand Total: 119 creatures vanquished

Notes
Turn   | Place    | Note
-------+----------+-------------------------------------------
     0 | D:1      | RKaid the Octopode Air Elementalist began the quest for the
                  | Orb.
     0 | D:1      | Reached XP level 1. HP: 11/11 MP: 3/3
   309 | D:1      | Reached XP level 2. HP: 18/18 MP: 3/5
   570 | D:1      | Reached skill level 3 in Stealth
   684 | D:1      | Found a faded altar of an unknown god.
   684 | D:1      | Noticed a sixfirhy
   867 | D:1      | You fall into a shaft and drop 1 floor!
  1432 | D:2      | Reached XP level 3. HP: 22/22 MP: 2/6
  1769 | D:2      | Reached skill level 1 in Fighting
  2803 | D:3      | Reached XP level 4. HP: 28/28 MP: 2/7
  3274 | D:3      | Reached skill level 2 in Conjurations
  3508 | D:3      | Learned a level 2 spell: Blink
  4144 | D:4      | Noticed an ogre
  4249 | D:4      | Killed an ogre
  4250 | D:4      | Reached skill level 4 in Stealth
  4250 | D:4      | Reached skill level 1 in Translocations
  4250 | D:4      | Reached XP level 5. HP: 34/34 MP: 5/9
  4357 | D:4      | Noticed a black bear
  4366 | D:4      | Killed a black bear
  4367 | D:4      | Reached skill level 2 in Fighting
  4367 | D:4      | Reached skill level 3 in Spellcasting
  4367 | D:4      | Reached skill level 2 in Translocations
  4367 | D:4      | Reached skill level 4 in Air Magic
  4367 | D:4      | Reached XP level 6. HP: 27/39 MP: 8/10
  5200 | D:4      | Reached skill level 3 in Translocations
  5239 | D:4      | Reached XP level 7. HP: 44/45 MP: 2/12
  5594 | D:5      | Entered Level 5 of the Dungeon
  5667 | D:5      | Reached skill level 3 in Fighting
  5667 | D:5      | Reached skill level 4 in Translocations
  5890 | D:5      | Reached skill level 4 in Spellcasting
  5996 | D:5      | Reached skill level 5 in Air Magic
  5996 | D:5      | Reached XP level 8. HP: 35/54 MP: 4/14
  6119 | D:5      | Reached skill level 4 in Fighting
  6196 | D:5      | Noticed Duvessa
  6789 | D:5      | Noticed Dowan
  6866 | D:6      | Noticed a wyvern
  7150 | D:6      | Reached skill level 1 in Shields
  7202 | D:6      | Learned a level 4 spell: Airstrike
  7208 | D:6      | Learned a level 5 spell: Borgnjor's Vile Clutch
  7358 | D:6      | Reached skill level 5 in Spellcasting
  7403 | D:6      | Reached skill level 2 in Shields
  7403 | D:6      | Reached skill level 6 in Air Magic
  7609 | D:6      | Reached skill level 5 in Fighting
  7785 | D:6      | Killed a wyvern
  7786 | D:6      | Reached XP level 9. HP: 34/61 MP: 2/17
  8374 | D:7      | Reached skill level 3 in Shields
  8991 | D:7      | HP: 13/61 [steam dragon (6)]
  8991 | D:7      | HP: 3/61 [steam dragon] (10)]
  8992 | D:7      | Slain by a steam dragon

Illustrated notes

Levels and vault maps discovered:
D:1:      heliophobic_arrival_enchanted_forest, layout_loops_cross,
          dreamdust_ecumenical_altar_sealed_demon
D:2:      kb_forest_paths, layout_basic
D:3:      layout_loops_corners, minmay_misc_feat_columns
D:4:      layout_loops_cross, cheibrodos_gnoll_hut
D:5:      layout_loops_ring, fountainhead, kennysheep_generic_room_13,
          uniq_duvessa
D:6:      layout_basic, st_stairs_10, minmay_misc_feat_chi
D:7:      minmay_general_purpose_star, layout_loops_ring, trog_antimagical,
          minmay_temple_entry_glassed_door

Skill      XL: |  1  2  3  4  5  6  7  8  9 |
---------------+----------------------------+-----
Stealth        | 3 4 |  4.0
Fighting       | 1 2 3 5 |  5.6
Conjurations   | 2 |  2.0
Translocations | 1 2 3 4 |  4.0
Spellcasting   | 3 4 5 |  5.6
Air Magic      | 4 5 6 |  6.5
Shields        | 2 3 |  3.2
Dodging        | |  2.0

Action                   |  1- 3 |  4- 6 |  7- 9 || total
-------------------------+-------+-------+-------++-------
Melee: Unarmed           |    12 |       |       ||    12
       Constrict         |     4 |       |     2 ||     6
       Tentacles         |     2 |       |     1 ||     3
       Hand axe          |       |     1 |     6 ||     7
 Cast: Shock             |    94 |    89 |   151 ||   334
       Airstrike         |       |       |     4 ||     4
       Blink             |       |       |     1 ||     1
Evoke: Wand              |       |     9 |     9 ||    18
  Use: Scroll            |     3 |     2 |     6 ||    11
       Potion            |       |       |     1 ||     1
Armor: Skin              |     1 |       |     1 ||     2
Dodge: Dodged            |    21 |     8 |    37 ||    66
Block: Buckler           |       |       |     1 ||     1

Table legend: (Time is in decaauts)
 A = Elapsed time spent in this place.
 B = Non-inter-level travel time spent in this place.
 C = Inter-level travel time spent in this place.
 D = Time resting spent in this place.
 E = Time spent auto-exploring this place.
 F = Levels seen in this place.
 G = Mean time per level.
                   A        B        C        D        E       F      G
               +--------+--------+--------+--------+--------+-----+--------+
         Total |   8993 |   8687 |    306 |   3051 |   4101 |   7 | 1284.7 |
       Dungeon |   8993 |   8687 |    306 |   3051 |   4101 |   7 | 1284.7 |
               +--------+--------+--------+--------+--------+-----+--------+

Top non-repeatable levels by time:
     D:2: 1780 daAuts
     D:4: 1639 daAuts
     D:5: 1555 daAuts
     D:6: 1327 daAuts
     D:3: 1148 daAuts
     D:1: 1023 daAuts
     D:7: 519 daAuts

Table legend:
 A = Kills in this place as a percentage of kills in entire the game.
 B = Kills by you in this place as a percentage of kills by you in the entire game.
 C = Kills by friends in this place as a percentage of kills by friends in the entire game.
 D = Other kills in this place as a percentage of other kills in the entire game.
 E = Experience gained in this place as a percentage of experience gained in the entire game.
 F = Experience gained in this place divided by the number of levels of this place that you have seen.
                   A       B       C       D       E      F
               +-------+-------+-------+-------+-------+----------------------
         Total | 100.0 | 100.0 |   N/A |   N/A | 100.0 | 415.0
       Dungeon | 100.0 | 100.0 |   N/A |   N/A | 100.0 | 415.0
               +-------+-------+-------+-------+-------+----------------------
